3L
ATHLETIC CLUB KC @ D.C. DIVIDED
09/24/2039
 
TOP OF THE 1ST
Athletic Club KC batting - Pitching for D.C. Divided : RHP Van Hileman
Pitching: RHP Van Hileman
Batting: LHB César Núñez 0-0: Ball
1-0: Foul Ball, location: 2F
1-1: Ball
2-1: Swinging Strike
2-2: Ball
3-2: Ground out 4-3 (Groundball, 4, EV 95.0 MPH)
Batting: RHB Ali Ben Bongo 0-0: Ball
1-0: Foul Ball, location: 2F
1-1: Ball
2-1: Foul Ball, location: 2F
2-2: Ball
3-2: DOUBLE (Flyball, 8RXD, EV 90.6 MPH)
Batting: SHB Shiki Sanu 0-0: Ball
1-0: Ball
2-0: Ball
3-0: Base on Balls
Batting: LHB Héctor Velázquez 0-0: Swinging Strike
0-1: Swinging Strike
0-2: SINGLE (Groundball, 3D, EV 95.6 MPH)
Ali Ben Bongo to third
Shiki Sanu to second
Runner from 3rd tries for Home, SAFE, throw by RF to home
Batting: LHB José Rodríguez 0-0: Ball
1-0: Foul Ball, location: 2F
1-1: Ball
2-1: Foul Ball, location: 2F
2-2: Ball
3-2: Base on Balls
Shiki Sanu to third
Héctor Velázquez to second
Batting: LHB Pablo Hernández 0-0: Ball
1-0: Swinging Strike
1-1: Ball
2-1: Called Strike
2-2: SINGLE (Groundball, 6MD, EV 100.0 MPH)
Shiki Sanu scores
Héctor Velázquez to third
José Rodríguez to second
Runner from 3rd tries for Home, SAFE, throw by CF to home
Batting: RHB Tasuku Goto 0-0: Foul Ball, location: 2F
0-1: Ball
1-1: Ball
2-1: Ball
3-1: Called Strike
3-2: Foul Ball, location: 2F
3-2: Foul Ball, location: 2F
3-2: Foul Ball, location: 2F
3-2: Strikes out swinging
Batting: RHB Wade Tazewell 0-0: Ball
1-0: Fly out, F7 (Flyball, 7LSF, EV 90.6 MPH)
Top of the 1st over - 3 runs, 3 hits, 0 errors, 2 left on base; Athletic Club KC 3 - D.C. 0
BOTTOM OF THE 1ST
D.C. Divided batting - Pitching for Athletic Club KC : LHP Roman Phansalker
Pitching: LHP Roman Phansalker
Batting: RHB Kimi Okubo 0-0: Ball
1-0: Ball
2-0: Ball
3-0: Base on Balls
Batting: LHB Bill Butler 0-0: Ball
1-0: Ground out 4-3 (Groundball, 4, EV 85.6 MPH)
Kimi Okubo to second
Batting: RHB Martín Chávez 0-0: Ball
1-0: Ball
2-0: Called Strike
2-1: Ball
3-1: Ground out 5-3 (Groundball, 56, EV 83.8 MPH)
Batting: RHB Jay Hood 0-0: Called Strike
0-1: Ground out 5-3 (Groundball, 56, EV 94.4 MPH)
Bottom of the 1st over - 0 runs, 0 hits, 0 errors, 1 left on base; Athletic Club KC 3 - D.C. 0
TOP OF THE 2ND
Athletic Club KC batting - Pitching for D.C. Divided : RHP Van Hileman
Batting: RHB Armando Altagracia 0-0: Swinging Strike
0-1: Foul Ball, location: 2F
0-2: Foul Ball, location: 2F
0-2: Strikes out looking
Batting: LHB César Núñez 0-0: Ball
1-0: Foul Ball, location: 2F
1-1: Swinging Strike
1-2: Ball
2-2: Foul Ball, location: 2F
2-2: Ball
3-2: DOUBLE (Groundball, 3L, EV 101.2 MPH)
Batting: RHB Ali Ben Bongo 0-0: Called Strike
0-1: Called Strike
0-2: Ball
1-2: Ground out U3 (Groundball, 34, EV 105.6 MPH)
César Núñez to third
Batting: SHB Shiki Sanu 0-0: Ball
1-0: Called Strike
1-1: Fly out, F5 (Popup, 6S, EV 81.9 MPH)
Top of the 2nd over - 0 runs, 1 hit, 0 errors, 1 left on base; Athletic Club KC 3 - D.C. 0
BOTTOM OF THE 2ND
D.C. Divided batting - Pitching for Athletic Club KC : LHP Roman Phansalker
Batting: LHB Craig Morgan 0-0: Called Strike
0-1: Fly out, F4 (Flyball, 34D, EV 76.9 MPH)
Batting: RHB Mario Castillo 0-0: Fly out, F9 (Flyball, 9, EV 86.9 MPH)
Batting: LHB Alex Avery 0-0: Called Strike
0-1: Ball
1-1: Foul Ball, location: 2F
1-2: Strikes out looking
Bottom of the 2nd over - 0 runs, 0 hits, 0 errors, 0 left on base; Athletic Club KC 3 - D.C. 0
TOP OF THE 3RD
Athletic Club KC batting - Pitching for D.C. Divided : RHP Van Hileman
Batting: LHB Héctor Velázquez 0-0: Called Strike
0-1: Fly out, F7 (Flyball, 78D, EV 92.5 MPH)
Pitching: LHP Manuel Paílla
Batting: LHB José Rodríguez 0-0: Foul Ball, location: 2F
0-1: Ball
1-1: Swinging Strike
1-2: Foul Ball, location: 2F
1-2: Ball
2-2: Ground out 4-3 (Groundball, 4S, EV 68.1 MPH)
Batting: LHB Pablo Hernández 0-0: Swinging Strike
0-1: Ball
1-1: Ball
2-1: Ball
3-1: Base on Balls
Batting: RHB Tasuku Goto 0-0: Ball
1-0: Foul Ball, location: 2F
1-1: Called Strike
1-2: Strikes out swinging
Top of the 3rd over - 0 runs, 0 hits, 0 errors, 1 left on base; Athletic Club KC 3 - D.C. 0
BOTTOM OF THE 3RD
D.C. Divided batting - Pitching for Athletic Club KC : LHP Roman Phansalker
Batting: LHB Stanley Zijm 0-0: Called Strike
0-1: Called Strike
0-2: Fly out, F7 (Flyball, 78S, EV 87.5 MPH)
Batting: RHB Nick Boyd 0-0: Ball
1-0: Ball
2-0: Foul Ball, location: 2F
2-1: Foul Ball, location: 2F
2-2: Foul Ball, location: 2F
2-2: Strikes out swinging
Batting: RHB Kimi Okubo 0-0: Fly out, F7 (Line Drive, 7, EV 101.2 MPH)
Bottom of the 3rd over - 0 runs, 0 hits, 0 errors, 0 left on base; Athletic Club KC 3 - D.C. 0
TOP OF THE 4TH
Athletic Club KC batting - Pitching for D.C. Divided : LHP Manuel Paílla
Batting: RHB Wade Tazewell 0-0: Called Strike
0-1: Foul Ball, location: 2F
0-2: Ball
1-2: Ground out 4-3 (Groundball, 4, EV 84.4 MPH)
Batting: RHB Armando Altagracia 0-0: Called Strike
0-1: Ball
1-1: Ball
2-1: Called Strike
2-2: Ball
3-2: Ground out 6-3 (Groundball, 6, EV 94.4 MPH)
Batting: LHB César Núñez 0-0: Ball
1-0: Foul Ball, location: 2F
1-1: Ball
2-1: Ground out U3 (Groundball, 3, EV 92.5 MPH)
Top of the 4th over - 0 runs, 0 hits, 0 errors, 0 left on base; Athletic Club KC 3 - D.C. 0
BOTTOM OF THE 4TH
D.C. Divided batting - Pitching for Athletic Club KC : LHP Roman Phansalker
Batting: LHB Bill Butler 0-0: Called Strike
0-1: Ball
1-1: Ball
2-1: Ball
3-1: Base on Balls
Batting: RHB Martín Chávez 0-0: Called Strike
Bill Butler is caught stealing 2nd base 2-4
0-1: Foul Ball, location: 2F
0-2: Ground out 6-3 (Groundball, 6M, EV 92.5 MPH)
Batting: RHB Jay Hood 0-0: Called Strike
0-1: Ball
1-1: Called Strike
1-2: Ball
2-2: Ball
3-2: Base on Balls
Batting: LHB Craig Morgan 0-0: Ball
Jay Hood steals 2nd base
1-0: Ball
2-0: DOUBLE (Line Drive, 89M, EV 105.0 MPH)
Jay Hood scores
Batting: RHB Mario Castillo 0-0: Called Strike
0-1: Ball
1-1: Ball
2-1: Foul Ball, location: 2F
2-2: Fly out, F5 (Line Drive, 5, EV 68.1 MPH)
Bottom of the 4th over - 1 run, 1 hit, 0 errors, 1 left on base; Athletic Club KC 3 - D.C. 1
TOP OF THE 5TH
Athletic Club KC batting - Pitching for D.C. Divided : LHP Manuel Paílla
Batting: RHB Ali Ben Bongo 0-0: Called Strike
0-1: Ball
1-1: SINGLE (Line Drive, 34, EV 105.0 MPH)
Pitching: RHP Aiden Dubhghall
Batting: SHB Shiki Sanu 0-0: Ball
1-0: Swinging Strike
1-1: Ball
2-1: Foul Ball, location: 2F
2-2: Ball
3-2: Base on Balls
Ali Ben Bongo to second
Batting: LHB Héctor Velázquez 0-0: Swinging Strike
0-1: Ball
1-1: Fielders Choice at 2nd, 3-6 (Groundball, 34, EV 82.5 MPH)
Ali Ben Bongo to third
Batting: LHB José Rodríguez 0-0: Ball
Héctor Velázquez is caught stealing 2nd base 2-6
1-0: Foul Ball, location: 2F
1-1: Ground out 6-3 (Groundball, 6MS, EV 88.1 MPH)
Top of the 5th over - 0 runs, 1 hit, 0 errors, 1 left on base; Athletic Club KC 3 - D.C. 1
BOTTOM OF THE 5TH
D.C. Divided batting - Pitching for Athletic Club KC : LHP Roman Phansalker
Batting: LHB Alex Avery 0-0: Ball
1-0: Swinging Strike
1-1: Ball
2-1: Ball
3-1: Swinging Strike
3-2: Foul Ball, location: 2F
3-2: Base on Balls
Batting: LHB Stanley Zijm 0-0: Ball
1-0: Swinging Strike
1-1: Fly out, F7 (Flyball, 7D, EV 97.5 MPH)
Batting: RHB Nick Boyd 0-0: Called Strike
0-1: Ball
1-1: Called Strike
1-2: Ball
2-2: Strikes out swinging
Batting: RHB Kimi Okubo 0-0: Called Strike
0-1: Foul Ball, location: 2F
0-2: Ball
1-2: TRIPLE (Line Drive, 89XD, EV 110.6 MPH)
Alex Avery scores
Batting: LHB Bill Butler 0-0: Ball
1-0: Ball
2-0: Fly out, F6 (Popup, 6MS, EV 73.8 MPH)
Bottom of the 5th over - 1 run, 1 hit, 0 errors, 1 left on base; Athletic Club KC 3 - D.C. 2
TOP OF THE 6TH
Athletic Club KC batting - Pitching for D.C. Divided : RHP Aiden Dubhghall
Batting: LHB Pablo Hernández 0-0: Foul Ball, location: 2F
0-1: Ball
1-1: Ground out 5-3 (Groundball, 56S, EV 63.1 MPH)
Batting: RHB Tasuku Goto 0-0: Called Strike
0-1: SINGLE (Groundball, 3S, EV 85.6 MPH) (infield hit)
Batting: RHB Wade Tazewell 0-0: Ball
Tasuku Goto steals 2nd base
1-0: Ball
2-0: Foul Ball, location: 2F
2-1: Ball
3-1: Foul Ball, location: 2F
3-2: Base on Balls
Batting: RHB Armando Altagracia 0-0: Ball
1-0: Ball
2-0: Ball
3-0: Base on Balls
Tasuku Goto to third
Wade Tazewell to second
Batting: LHB César Núñez 0-0: SINGLE (Line Drive, 89M, EV 94.4 MPH)
Tasuku Goto scores
Wade Tazewell to third
Armando Altagracia to second
Batting: RHB Ali Ben Bongo 0-0: Ball
1-0: Ball
2-0: Foul Ball, location: 2F
2-1: Foul Ball, location: 2F
2-2: Ball
Wild Pitch!
Wade Tazewell scores
Armando Altagracia to third
César Núñez to second
3-2: Fly out, F7 (Line Drive, 7D, EV 96.9 MPH)
Runner from 3rd tags up, SCORES, no throw by LF
César Núñez to third
Pitching: RHP Ángel Rosas
Batting: SHB Shiki Sanu 0-0: Ball
1-0: Foul Ball, location: 2F
1-1: Ball
2-1: Foul Ball, location: 2F
2-2: Foul Ball, location: 2F
2-2: SINGLE (Groundball, 4M, EV 80.0 MPH) (infield hit)
César Núñez scores
Batting: LHB Héctor Velázquez 0-0: SINGLE (Line Drive, 6M, EV 95.6 MPH)
Shiki Sanu to second
Runner from 2nd tries for 3rd, SAFE, throw by CF made to third
Batting: LHB José Rodríguez 0-0: Ground out 4-3 (Groundball, 4, EV 103.1 MPH)
Top of the 6th over - 4 runs, 4 hits, 0 errors, 2 left on base; Athletic Club KC 7 - D.C. 2
BOTTOM OF THE 6TH
D.C. Divided batting - Pitching for Athletic Club KC : LHP Roman Phansalker
Batting: RHB Martín Chávez 0-0: Ball
1-0: Ball
2-0: Foul Ball, location: 2F
2-1: Ball
3-1: Ground out 6-3 (Groundball, 56, EV 87.5 MPH)
Batting: RHB Jay Hood 0-0: Ground out 1-3 (Groundball, 34S, EV 79.4 MPH)
Batting: LHB Craig Morgan 0-0: Ball
1-0: Foul Ball, location: 2F
1-1: Foul Ball, location: 2F
1-2: Ground out 4-3 (Groundball, 4, EV 80.6 MPH)
Bottom of the 6th over - 0 runs, 0 hits, 0 errors, 0 left on base; Athletic Club KC 7 - D.C. 2
TOP OF THE 7TH
Athletic Club KC batting - Pitching for D.C. Divided : RHP Ángel Rosas
Batting: LHB Pablo Hernández 0-0: Ball
1-0: Ball
2-0: Ball
3-0: Called Strike
3-1: Called Strike
3-2: Fly out, F7 (Flyball, 78S, EV 91.2 MPH)
Batting: RHB Tasuku Goto 0-0: Fly out, F9 (Flyball, 9, EV 95.6 MPH)
Batting: RHB Wade Tazewell 0-0: Ball
1-0: Fly out, F4 (Popup, 34D, EV 56.9 MPH)
Top of the 7th over - 0 runs, 0 hits, 0 errors, 0 left on base; Athletic Club KC 7 - D.C. 2
BOTTOM OF THE 7TH
D.C. Divided batting - Pitching for Athletic Club KC : LHP Roman Phansalker
Batting: RHB Mario Castillo 0-0: Ball
1-0: Ball
2-0: Foul Ball, location: 2F
2-1: Foul Ball, location: 2F
2-2: Ball
3-2: Strikes out swinging
Batting: LHB Alex Avery 0-0: Ball
1-0: Ball
2-0: Foul Ball, location: 2F
2-1: Foul Ball, location: 2F
2-2: Fly out, F9 (Flyball, 9D, EV 99.4 MPH)
Batting: LHB Stanley Zijm 0-0: Ball
1-0: Swinging Strike
1-1: Foul Ball, location: 2F
1-2: Ball
2-2: Strikes out swinging
Bottom of the 7th over - 0 runs, 0 hits, 0 errors, 0 left on base; Athletic Club KC 7 - D.C. 2
TOP OF THE 8TH
Athletic Club KC batting - Pitching for D.C. Divided : RHP Ángel Rosas
Batting: RHB Armando Altagracia 0-0: Ball
1-0: Fly out, F8 (Line Drive, 8RM, EV 93.1 MPH)
Batting: LHB César Núñez 0-0: Ball
1-0: Foul Ball, location: 2F
1-1: DOUBLE (Line Drive, 89M, EV 91.9 MPH)
Batting: RHB Ali Ben Bongo 0-0: Ball
1-0: Ball
2-0: Called Strike
2-1: Fly out, F9 (Flyball, 9LSF, EV 90.0 MPH)
Batting: SHB Shiki Sanu 0-0: Ball
1-0: Ball
2-0: Ball
3-0: Swinging Strike
3-1: Called Strike
3-2: Foul Ball, location: 2F
3-2: Fly out, F7 (Flyball, 7LS, EV 81.2 MPH)
Top of the 8th over - 0 runs, 1 hit, 0 errors, 1 left on base; Athletic Club KC 7 - D.C. 2
BOTTOM OF THE 8TH
D.C. Divided batting - Pitching for Athletic Club KC : LHP Roman Phansalker
Batting: RHB Nick Boyd 0-0: Fly out, F9 (Flyball, 89D, EV 103.1 MPH)
Batting: RHB Kimi Okubo 0-0: Called Strike
0-1: Foul Ball, location: 2F
0-2: Strikes out swinging
Batting: LHB Bill Butler 0-0: Ball
1-0: Foul Ball, location: 2F
1-1: Ball
2-1: Fly out, F7 (Flyball, 78D, EV 88.1 MPH)
Bottom of the 8th over - 0 runs, 0 hits, 0 errors, 0 left on base; Athletic Club KC 7 - D.C. 2
TOP OF THE 9TH
Athletic Club KC batting - Pitching for D.C. Divided : RHP Ángel Rosas
Batting: LHB Héctor Velázquez 0-0: Ball
1-0: Ball
2-0: Fly out, F9 (Line Drive, 9, EV 96.9 MPH)
Batting: LHB José Rodríguez 0-0: Ball
1-0: Foul Ball, location: 2F
1-1: Ball
2-1: Ball
3-1: Foul Ball, location: 2F
3-2: Ground out 1-3 (Groundball, 34S, EV 84.4 MPH)
Pitching: LHP José Flores
Batting: LHB Pablo Hernández 0-0: Ball
1-0: Swinging Strike
1-1: Swinging Strike
1-2: Strikes out swinging
Top of the 9th over - 0 runs, 0 hits, 0 errors, 0 left on base; Athletic Club KC 7 - D.C. 2
BOTTOM OF THE 9TH
D.C. Divided batting - Pitching for Athletic Club KC : LHP Roman Phansalker
Batting: RHB Martín Chávez 0-0: Foul Ball, location: 2F
0-1: Hit by Pitch
Pitching: LHP Ben Skelton
Batting: RHB Jay Hood 0-0: Ball
1-0: Ball
2-0: Called Strike
2-1: Ball
3-1: Fly out, F9 (Flyball, 89M, EV 91.9 MPH)
Batting: LHB Craig Morgan 0-0: Called Strike
0-1: Swinging Strike
0-2: Foul Ball, location: 2F
0-2: Fly out, F9 (Flyball, 9LS, EV 75.0 MPH)
Batting: RHB Mario Castillo 0-0: Called Strike
0-1: Ball
1-1: Foul Ball, location: 2F
1-2: Fly out, F7 (Flyball, 78D, EV 96.9 MPH)
Bottom of the 9th over - 0 runs, 0 hits, 0 errors, 1 left on base; Athletic Club KC 7 - D.C. 2
Wednesday, July 8th, 2020 - OOTP Baseball 20.8 Build 74